Map: Odyssey LE

Players

tongdudu - Winner!

  • Race: Terran Terran
  • League: Diamond
  • Spawn Location: 5:00

Shroomy

  • Race: Protoss Protoss
  • League: Platinum
  • Spawn Location: 11:00

VOD

Have the link to the VOD?

Description

Time

  • Played on: Dec. 4, 2017, 2:40 p.m.
  • Length: 21:40
Show
View Real Time Build Order
Export as new Build Order

tongdudu Terran - Winner!

Build Orders: Cyclone Opening, MMM Bio 

Get SALT Encoding   

  12  0:01  SCV  
  13  0:13  SCV  
  14  0:17  Supply Depot  
  14  0:25  SCV  
  15  0:28  Refinery  
  15  0:39  SCV  
  16  0:45  Barracks  
  16  0:51  SCV  
  16  0:57  Refinery  
  17  1:03  SCV  
  18  1:15  SCV  
  19  1:27  SCV  
  19  1:32  Factory  
  20  1:37  Barracks Reactor  
  20  1:39  Orbital Command  
  20  1:46  Supply Depot  
  20  2:05  SCV  
  21  2:20  SCV  
  22  2:23  Supply Depot, Cyclone  
  22  2:24  Cyclone  
  28  2:33  SCV  
  29  2:45  SCV  
  29  2:50  Supply Depot  
  30  2:56  Cyclone  
  30  2:57  Cyclone  
  36  3:28  Cyclone  
  36  3:29  Cyclone  
  36  3:32  Supply Depot  
  42  3:36  Command Center  
  42  3:49  SCV  
  43  4:01  SCV  
  44  4:13  SCV  
  45  4:25  SCV  
  45  4:29  Factory Reactor  
  46  4:32  Barracks x2  
  46  4:37  Supply Depot  
  46  4:44  Marine x2  
  48  4:48  Orbital Command  
  48  4:55  Starport, SCV  
  49  5:04  Marine x2  
  49  5:05  Orbital Command  
  51  5:10  SCV  
  52  5:17  Factory Reactor  
  52  5:20  Barracks Tech Lab  
  52  5:23  Marine x2  
  54  5:31  SCV x2  
  56  5:38  Marine x2  
  56  5:40  Stimpack, Marine  
  56  5:42  Marine x2  
  61  5:43  SCV x2  
  63  5:53  Engineering Bay  
  63  5:55  SCV x2  
  65  5:57  Engineering Bay  
  65  6:01  Marine  
  65  6:02  Marine x2  
  68  6:05  Refinery x2  
  68  6:07  SCV x2, Medivac  
  68  6:08  Medivac  
  68  6:10  Marine x2  
  76  6:16  Supply Depot  
  76  6:19  SCV  
  76  6:20  SCV  
  76  6:23  Supply Depot  
  78  6:26  Supply Depot  
  78  6:38  SCV x2  
  80  6:41  Liberator  
  80  6:50  SCV  
  80  6:51  SCV  
  82  6:55  Supply Depot, Marine x2  
  82  6:56  Marine x3  
  82  6:57  Medivac  
  92  7:02  Supply Depot, SCV  
  92  7:04  SCV  
  92  7:05  Terran Infantry Weapons Level 1  
  92  7:08  Terran Infantry Armor Level 1  
  94  7:14  SCV  
  95  7:16  SCV  
  96  7:26  Supply Depot, SCV  
  96  7:28  SCV  
  98  7:38  SCV  
  98  7:40  SCV  
  100  7:44  Combat Shields  
  100  7:46  Marine x2  
  100  7:47  Marine x3  
  100  7:48  Medivac x2  
  100  7:51  SCV  
  110  7:52  SCV  
  110  7:57  Command Center  
  111  8:03  SCV  
  111  8:05  Missile Turret  
  112  8:08  Missile Turret  
  112  8:12  Supply Depot  
  112  8:13  Supply Depot  
  112  8:14  SCV  
  112  8:18  Marine x4  
  117  8:21  Medivac  
  119  8:34  Factory Tech Lab  
  119  8:39  Fusion Core  
  119  8:40  Starport  
  109  9:00  SCV x2  
  111  9:06  Armory  
  111  9:12  SCV x2  
  111  9:13  Liberator x2  
  111  9:14  Liberator  
  110  9:24  SCV x2  
  110  9:26  Supply Depot x2  
  110  9:28  Advanced Ballistics  
  121  9:36  SCV  
  121  9:37  Orbital Command  
  121  9:38  SCV  
  123  9:47  Marine  
  123  9:48  SCV, Marauder, Marine x3  
  123  9:50  SCV  
  131  9:56  Refinery  
  131  9:57  Refinery  
  131  10:00  SCV  
  131  10:05  Terran Infantry Armor Level 2, Marine, Terran Infantry Weapons Level 2  
  133  10:12  Marine x3, Marauder  
  133  10:13  Medivac x2  
  133  10:14  Medivac  
  144  10:16  Barracks, Factory Reactor  
  144  10:34  Marauder, Marine x4  
  150  10:42  Command Center  
  150  10:44  Medivac x2  
  154  10:52  Marine x4  
  154  10:56  Marauder  
  160  10:57  Liberator x2  
  160  11:02  Medivac  
  162  11:10  Marine x4  
  166  11:15  SCV x3  
  166  11:18  Factory Tech Lab  
  172  11:22  Marauder  
  171  11:27  SCV, Marine  
  173  11:49  Supply Depot  
  173  11:51  Concussive Shells  
  173  11:53  SCV, Marine x2, Medivac  
  173  11:54  Marauder  
  176  12:14  Supply Depot  
  176  12:15  Marauder  
  164  12:43  Marine x2  
  164  12:44  Marauder, Marine x2  
  169  12:45  Medivac x2  
  169  12:47  Marine x2  
  168  13:01  Marine x4  
  168  13:04  Liberator, Marine  
  168  13:05  Liberator, Marauder  
  169  13:14  Marine  
  169  13:19  Marine x4  
  168  13:22  Marine  
  168  13:24  Medivac  
  168  13:26  Marauder  
  179  13:29  Terran Infantry Weapons Level 3, Supply Depot x2, Terran Infantry Armor Level 3  
  179  13:34  Planetary Fortress  
  179  13:47  Liberator  
  179  13:48  Refinery, Marauder  
  181  13:52  Refinery  
  181  14:09  Marauder  
  186  14:12  Command Center  
  186  14:30  Marauder  
  188  14:36  SCV  
  188  14:37  SCV x3  
  192  14:48  SCV  
  187  15:00  Command Center  
  151  15:44  Marine x3  
  151  15:45  Marauder  
  154  15:54  Marine x3  
  151  16:02  Barracks x2, Marine x3  
  154  16:04  Barracks  
  154  16:06  Liberator x2, Marauder  
  154  16:12  Marine x3  
  149  16:23  Banshee  
  148  16:27  Marauder  
  150  16:43  Marine x5  
  145  16:49  Marauder  
  101  17:10  Marauder  
  98  17:32  Marauder  
  98  17:36  Marine x4  
  98  17:37  Marine x2  
  104  17:38  Medivac x3  
  104  17:42  Planetary Fortress  
  109  17:52  Ghost Academy  
  109  17:53  Marauder  
  109  17:54  Marine x5, Ghost Academy  
  116  18:01  Marine  
  114  18:05  Barracks Reactor x2  
  114  18:06  Barracks Tech Lab  
  114  18:08  Medivac x3  
  114  18:09  Smart Servos  
  114  18:12  Marine x5  
  124  18:14  Marauder  
  124  18:19  Marine  
  128  18:29  Marine  
  128  18:30  Marine x4  
  128  18:33  Marauder  
  135  18:36  Marauder  
  135  18:37  Marine  
  135  18:38  Medivac  
  135  18:41  Medivac x2  
  144  18:47  Marine x2  
  144  18:48  Marine x3  
  149  18:54  Marine x5  
  149  18:55  Marauder  
  156  18:57  Marauder  
  155  19:05  Marine x3  
  155  19:06  Marine x2  
  155  19:08  Medivac  
  162  19:11  Medivac x2  
  162  19:12  Marine x5  
  162  19:16  Marauder  
  167  19:18  Marauder  
  167  19:23  Marine x5  
  142  19:30  Marine x5  
  130  19:37  Marauder  
  130  19:38  Medivac  
  131  19:40  Marauder  
  131  19:41  Marine x5  
  131  19:47  Marine  
  131  19:48  Marine x4  
  126  19:55  Medivac x2  
  126  19:58  Marine  
  126  19:59  Marauder, Marine x4  
  130  20:01  Marauder  
  130  20:05  Marine x2  
  130  20:06  Marine x3  
  131  20:08  Medivac  
  133  20:16  Marine  
  133  20:17  Marine x4  
  133  20:20  Marauder  
  140  20:23  Marine x4, Marauder  
  140  20:24  Marine  
  140  20:25  Medivac x2  
  151  20:32  Planetary Fortress  
  151  20:34  Refinery, Marine x3  
  151  20:35  Refinery, Marine x2  
  156  20:38  Medivac  
  156  20:41  Marine x5  
  156  20:42  Marauder  
  165  20:44  Marauder  
  167  20:52  Marine x5  
  167  20:55  Medivac x2  
  175  20:59  Marine x5  
  175  21:03  Marauder  
  181  21:05  Marauder  
  181  21:10  Marine x5  
  187  21:16  Marine  
  187  21:17  Marine x3  
  187  21:18  Marine  
Show
View Real Time Build Order
Export as new Build Order

Shroomy Protoss 

Build Orders: 1 Gate Expand 

Get SALT Encoding   

  12  0:01  Probe  
  13  0:13  Probe  
  14  0:18  Pylon  
  14  0:25  Probe  
  15  0:36  Gateway  
  15  0:39  Probe (Chrono Boost)  
  16  0:49  Probe (Chrono Boost), Assimilator  
  17  0:53  Probe  
  18  1:05  Probe  
  19  1:13  Assimilator  
  19  1:30  Nexus  
  19  1:45  Cybernetics Core  
  19  2:03  Gateway  
  19  2:05  Probe (Chrono Boost)  
  21  2:15  Probe (Chrono Boost)  
  21  2:18  Pylon  
  21  2:25  Adept (Chrono Boost)  
  23  2:36  Probe  
  24  2:44  Robotics Facility  
  24  2:48  Probe  
  25  2:52  Warp Gate (Chrono Boost)  
  25  3:07  Probe x2  
  27  3:19  Probe x2  
  27  3:28  Stalker x2 (Chrono Boost)  
  31  3:37  Immortal (Chrono Boost)  
  29  4:04  Stalker x2  
  33  4:15  Pylon  
  32  4:26  Gateway  
  32  4:32  Pylon  
  32  4:34  Immortal  
  36  4:47  Stalker  
  36  4:51  Stalker  
  40  5:13  Immortal (Chrono Boost)  
  44  5:26  Nexus  
  44  5:36  Pylon  
  44  5:38  Probe  
  45  5:45  Twilight Council  
  45  5:50  Probe  
  45  5:54  Observer (Chrono Boost)  
  47  6:02  Probe  
  48  6:04  Pylon  
  48  6:08  Stalker  
  50  6:11  Observer  
  50  6:14  Probe  
  52  6:24  Pylon  
  52  6:26  Probe  
  52  6:29  Blink (Chrono Boost)  
  53  6:36  Stalker  
  53  6:38  Probe  
  56  6:47  Probe  
  56  6:50  Probe  
  58  7:02  Probe x2, Shield Battery  
  58  7:07  Stalker  
  62  7:12  Stalker  
  62  7:14  Probe  
  65  7:17  Probe  
  66  7:24  Shield Battery  
  66  7:26  Probe  
  66  7:29  Probe  
  68  7:33  Stalker x2  
  72  7:38  Probe  
  72  7:41  Stalker  
  72  7:42  Probe  
  72  7:43  Observer  
  76  7:50  Probe  
  77  7:54  Probe  
  77  7:57  Stalker x2  
  82  8:07  Assimilator  
  82  8:09  Assimilator  
  82  8:11  Pylon  
  82  8:15  Probe x2  
  84  8:26  Stalker  
  86  8:27  Charge (Chrono Boost)  
  86  8:29  Probe x2  
  88  8:34  Templar Archives  
  88  8:40  Nexus  
  88  8:41  Probe x2  
  90  9:01  Stalker x2  
  94  9:05  Pylon  
  94  9:06  Pylon, Nexus  
  88  9:15  Probe x2  
  86  9:20  Pylon  
  86  9:23  Pylon  
  86  9:25  Psionic Storm  
  86  9:27  Probe x2, High Templar  
  90  9:33  High Templar  
  90  9:37  Archon  
  92  9:39  Probe  
  92  9:40  Probe  
  94  9:53  Pylon  
  94  9:57  Forge  
  94  9:58  Forge  
  94  10:00  Gateway  
  94  10:05  Gateway  
  94  10:07  Gateway  
  94  10:08  Probe x2  
  96  10:20  Probe x2  
  98  10:21  Probe, Shield Battery  
  98  10:22  Shield Battery  
  99  10:31  High Templar x2  
  99  10:35  Archon  
  103  10:36  Probe x3  
  103  10:40  Protoss Ground Weapons Level 1 (Chrono Boost)  
  106  10:44  Protoss Ground Armor Level 1 (Chrono Boost)  
  106  10:48  Probe x3  
  104  11:27  Probe x3  
  104  11:28  Shield Battery  
  104  11:30  Assimilator  
  107  11:33  Assimilator  
  107  11:37  High Templar x4  
  107  11:39  Probe x2, Zealot x2  
  122  11:40  Probe  
  122  11:44  Observer  
  123  11:52  Archon x2  
  123  12:02  Zealot x2  
  123  12:14  Gateway, Stalker x2  
  123  12:15  Gateway  
  117  12:17  Gateway  
  117  12:19  Pylon  
  117  12:21  Pylon  
  102  12:23  Pylon  
  102  12:26  Zealot  
  102  12:27  Zealot x3  
  100  12:38  Protoss Ground Weapons Level 2 (Chrono Boost), Protoss Ground Armor Level 2 (Chrono Boost)  
  100  12:47  Probe  
  100  12:48  Probe x2  
  88  13:00  Probe x3, Stalker x3  
  88  13:01  Stalker x2  
  89  13:13  Zealot  
  81  13:31  Nexus  
  81  13:33  Stalker  
  83  13:34  High Templar  
  83  13:35  Pylon, High Templar x4  
  83  13:39  Pylon  
  93  13:43  Assimilator  
  93  13:45  Pylon  
  93  13:46  Probe x3  
  96  13:50  Archon x2  
  96  13:58  Probe x3  
  99  14:04  Gateway  
  99  14:05  Gateway  
  99  14:08  Gateway, Stalker x3  
  105  14:16  Zealot  
  105  14:17  Zealot x2  
  109  14:18  High Templar  
  109  14:19  High Templar  
  115  14:28  Shield Battery  
  115  14:33  High Templar x2  
  115  14:34  Zealot x2  
  117  14:58  Zealot x5  
  117  14:59  Zealot x2  
  131  15:08  Warp Prism  
  106  15:45  Zealot, Stalker  
  106  15:46  Zealot x5  
  106  15:47  Zealot x2  
  104  16:20  Stalker x3  
  104  16:21  Stalker x3  
  104  16:22  High Templar x2  
  84  17:18  Stalker x2  
  84  17:19  Stalker x6  
  84  17:20  Stalker  
  98  17:23  Protoss Ground Armor Level 3 (Chrono Boost), Protoss Ground Weapons Level 3 (Chrono Boost)  
  98  17:32  Shield Battery  
  98  17:34  Probe x3  
  98  17:35  Photon Cannon  
  98  17:36  Photon Cannon  
  101  17:43  Zealot x2  
  101  17:44  Zealot x3  
  109  17:45  Zealot  
  109  17:46  Probe x3, Zealot x2  
  109  18:06  High Templar x4  
  109  18:07  High Templar x3  
  109  18:11  Probe  
  109  18:12  Probe x2  
  126  18:24  Probe x3, Stalker  
  126  18:25  Zealot  
  133  18:39  Nexus  
  131  18:42  Stalker x3  
  131  18:48  Zealot x2  
  131  18:49  Zealot x3  
  131  18:52  Probe x2  
  131  18:53  Probe  
  142  19:04  Probe x2  
  117  19:27  Archon x3  
  97  19:33  Zealot  
  97  19:34  Zealot x6  
  97  19:35  Zealot  
  93  19:44  Stalker x2  
  93  19:45  Stalker x2  
  87  19:50  Protoss Shields Level 1 (Chrono Boost)  
  75  19:55  Zealot x5  
  75  19:56  Zealot x2  
  79  20:02  Zealot  
  67  20:11  Stalker x5  
  75  20:24  Probe x4  
  79  20:29  Assimilator  
  79  20:33  Assimilator  
  79  20:36  Probe x3  
  82  20:43  High Templar x2  
  86  20:54  Stalker x4  
  92  21:02  Zealot x4  
  94  21:12  Probe  
  94  21:13  Probe x2  
  90  21:24  Probe  
  90  21:25  Probe x2  
  80  21:33  Zealot x3  
  80  21:34  Zealot x3  
Tags
 
Add a new tag
Caveats
  • Supply blocks, unpowered buildings, or Contaminate may cause inaccurate times.
  • Supply counts are checked every 10 seconds.